 Dungeon Crawl Stone Soup version 0.28-a0-1087-gf3fc490d9d (webtiles) character file.

Game seed: 10815630300055727622

30 siradein the Skirmisher (level 3, -6/29 HPs)
             Began as a Human Fighter on Dec 10, 2021.
             Mangled by Terence (11 damage)
             ... on level 2 of the Dungeon.
             The game lasted 00:01:25 (836 turns).

siradein the Skirmisher (Human Fighter)              Turns: 836, Time: 00:01:25

Health: -6/29      AC:  6    Str: 16    XL:     3   Next: 35%
Magic:  3/3        EV:  9    Int:  8    God:
Gold:   28         SH:  5    Dex: 14    Spells: 2/2 levels left

rFire   . . .      SeeInvis .   a - +0 long sword
rCold   . . .      Faith    .   c - +0 buckler
rNeg    . . .      Spirit   .   b - +0 scale mail
rPois   .          Reflect  .   (no helmet)
rElec   .          Harm     .   (no cloak)
rCorr   .          Rampage  .   (no gloves)
Will    .....                   (no boots)
Stlth   ..........              (no amulet)
HPRegen 0.09/turn               (no ring)
MPRegen 0.08/turn               (no ring)

@: no status effects
A: no striking features
a: no special abilities


You were on level 2 of the Dungeon.
You visited 1 branch of the dungeon, and saw 2 of its levels.

You collected 28 gold pieces.

Inventory:

Hand Weapons
 a - a +0 long sword (weapon)
Armour
 b - a +0 scale mail (worn)
 c - a +0 buckler (worn)
Scrolls
 e - a scroll of amnesia {unknown}
 f - a scroll of holy word {unknown}
Potions
 d - a potion of might


   Skills:
 + Level 3.3 Fighting
 + Level 2.3 Long Blades
 + Level 3.2 Armour
 + Level 0.7 Dodging
 + Level 3.2 Shields


You had 2 spell levels left.
You didn't know any spells.
Your spell library contained the following spells:

 Spells                   Type           Power      Damage    Failure   Level
 Fireball                 Conj/Fire      0%         3d3       100%        5
 Starburst                Conj/Fire      0%         6d3       100%        6
 Ignition                 Fire           0%         3d3       100%        8


Dungeon Overview and Level Annotations

Branches:
Dungeon (1/15)

Altars:

Annotations:
D:2 Terence


Message History

The kobold throws a stone.
The stone barely misses you. The adder bites you.
* * * LOW HITPOINT WARNING * * *
The kobold throws a stone.
The stone closely misses you.
Terence bares his teeth.
The adder closely misses you. You block the adder's attack.
Found an emerald potion.
The adder bites you.
* * * LOW HITPOINT WARNING * * *
The adder closely misses you.
You hit the adder.
The adder is moderately wounded.
The adder bites you but does no damage.
You slash the adder!
You kill the adder!
Found 7 gold pieces, a plate armour and a scroll labelled SADAAR UTWEMOMIXT.
Found 14 gold pieces.
Terence barely misses you.
The kobold throws a stone.
You block the stone.
Terence says, "Time to say good-bye..."
Terence barely misses you.
Found 11 gold pieces.
You see here 11 gold pieces.
The kobold throws a stone.
The stone barely misses you.
The kobold throws a stone.
The stone hits you but does no damage.
The kobold throws a stone.
The stone closely misses you. As you open the door, it creaks loudly!
Terence closely misses you.
There is an open door here.
Found a scroll labelled SADAAR UTWEMOMIXT, 23 bolts and a ring mail.
Found a stone staircase leading down.
Terence bares his teeth.
Found a short sword.
Terence hits you with a +1 morningstar of protection!
* * * LOW HITPOINT WARNING * * *
The kobold throws a stone.
The stone hits you but does no damage.
There is a stone staircase leading down here.
Found 11 gold pieces.
The kobold throws a stone.
The stone barely misses you.
Terence hits you with a +1 morningstar of protection!
You die...

....# ### #...#
#.[ ##### #...#
#.# #...# #...#
#.# #...# #...#
#.# #...# #...#
#.# ##...#
....#####.###....#
............K..@>#
...######.......@#
...# ######.(.#
...# ...#..# ...#
###)..... ...#
..##.... ...# ...
#..... ...# ...
#..... #### ...
#$...


You could see Terence and a kobold.

Vanquished Creatures
  An adder (D:2)
  A worm (D:2)
  A ball python (D:1)
  3 goblins
  A hobgoblin (D:1)
  A quokka (D:1)
  2 bats (D:1)
  2 frilled lizards (D:1)
  2 kobolds (D:1)
  6 rats (D:1)
20 creatures vanquished.

Notes
Turn   | Place    | Note
-------+----------+-------------------------------------------
     0 | D:1      | siradein the Human Fighter began the quest for the Orb.
     0 | D:1      | Reached XP level 1. HP: 18/18 MP: 1/1
   356 | D:1      | Reached XP level 2. HP: 23/24 MP: 2/2
   669 | D:1      | Found a faded altar of an unknown god.
   710 | D:1      | You fall into a shaft and drop 1 floor!
   712 | D:2      | Noticed Terence
   729 | D:2      | Reached XP level 3. HP: 11/29 MP: 3/3
   836 | D:2      | Mangled by Terence

Illustrated notes

Levels and vault maps discovered:
D:1:      saegor_arrival_miasma, layout_basic, hellmonk_ecumenical_altar_zigzags
D:2:      layout_basic, eino_tiny_chamber, wad_floor_pattern_untrapped,
          grunt_ministairs_15, uniq_terence

Action                   || total
-------------------------++-------
Melee: Long sword        ||    58
Armor: Scale mail        ||    19
Dodge: Dodged            ||    43
Block: Buckler           ||    21

Table legend: (Time is in decaauts)
 A = Elapsed time spent in this place.
 B = Non-inter-level travel time spent in this place.
 C = Inter-level travel time spent in this place.
 D = Time resting spent in this place.
 E = Time spent auto-exploring this place.
 F = Levels seen in this place.
 G = Mean time per level.
                   A        B        C        D        E       F      G
               +--------+--------+--------+--------+--------+-----+--------+
         Total |    854 |    854 |      0 |      0 |    604 |   2 |  427.0 |
       Dungeon |    854 |    854 |      0 |      0 |    604 |   2 |  427.0 |
               +--------+--------+--------+--------+--------+-----+--------+

Top non-repeatable levels by time:
     D:1: 726 daAuts
     D:2: 128 daAuts
